 Seeded DCSS version 0.31-a0-1570-g93c622d222 (webtiles) character file.

Game seed: 12144364408129153526 (custom seed)

2583 voltaire321 the Sneak (level 9, -12/61 HPs)
             Began as an Octopode Earth Elementalist on Jan 4, 2024.
             Mangled by a manticore (17 damage)
             ... on level 6 of the Dungeon.
             The game lasted 00:13:22 (5031 turns).

voltaire321 the Sneak (Octopode Earth Elementalist) Turns: 5031, Time: 00:13:22

Health: -12/61     AC:  5    Str:  7    XL:     9   Next: 58%
Magic:  16/16      EV: 20    Int: 26    God:
Gold:   417        SH:  0    Dex: 13    Spells: 11/18 levels left

rFire   + + +        k - +11 mace of Fury {venom, ^Contam rF+++ rC+ Int+3}
rCold   + + .        (no shield)
rNeg    . . .        (helmet restricted)
rPois   +            y - amulet of magic regeneration
rElec   .            p - ring of see invisible
rCorr   .            c - +5 ring of evasion
SInv    +            m - +4 ring of protection
Will    +....        o - ring "Roshuice" {rPois rC+ Will+ Int+2}
Stlth   +++++        (no ring)
HPRegen 0.30/turn    (no ring)
MPRegen 0.55/turn    (no ring)
                     (no ring)

%: no passive effects
@: mighty
A: almost no armour, amphibious, 8 rings, camouflage 1, gelatinous body 1,
(nimble swimmer 1), tentacles
a: no special abilities


You were on level 6 of the Dungeon.
You visited 2 branches of the dungeon, and saw 7 of its levels.

You collected 1803 gold pieces.
You spent 1386 gold pieces at shops.

Inventory:

Hand Weapons
 j - a +0 short sword
 k - the +11 mace of Fury (weapon) {venom, ^Contam rF+++ rC+ Int+3}
   (You bought it in a shop on level 2 of the Dungeon)

   Int+3:     It affects your intelligence (+3).
   rF+++:     It renders you almost immune to fire.
   rC+:       It protects you from cold.
   ^Contam:   It causes magical contamination when unequipped.
Jewellery
 c - a +5 ring of evasion (right tentacle)
 e - an amulet of the acrobat
 m - a +4 ring of protection (on tentacle)
 o - the ring "Roshuice" (on tentacle) {rPois rC+ Will+ Int+2}
   (You acquired it on level 2 of the Dungeon)

   [ring of willpower]

   Int+2:     It affects your intelligence (+2).
   rC+:       It protects you from cold.
   rPois:     It protects you from poison Will+: It increases your willpower.
 p - a ring of see invisible (left tentacle)
 y - an amulet of magic regeneration (around mantle)
Wands
 r - a wand of iceblast (6)
 v - a wand of flame (6)
Scrolls
 f - a scroll of brand weapon {unknown}
 g - 3 scrolls of enchant armour {unknown}
 h - 8 scrolls of identify {unknown}
 l - a scroll of poison {unknown}
 n - a scroll of immolation {unknown}
 q - a scroll of vulnerability {unknown}
 u - a scroll of noise {unknown}
 A - a scroll of enchant weapon {unknown}
 B - a scroll of teleportation {unknown}
Potions
 a - 2 potions of magic
 b - a potion of might
 d - a potion of invisibility {unknown}
 i - a potion of brilliance {unknown}
 s - 2 potions of enlightenment {unknown}
 t - a potion of berserk rage {unknown}
 w - a potion of attraction {unknown}
 x - a potion of resistance {unknown}
 z - a potion of ambrosia {unknown}


   Skills:
 + Level 5.0 Fighting
 + Level 5.5 Dodging
 + Level 7.9 Stealth
 + Level 5.1 Spellcasting
 + Level 5.0 Conjurations
 + Level 5.9 Earth Magic


You had 11 spell levels left.
You knew the following spells:

 Your Spells              Type           Power      Damage    Failure   Level
a - Sandblast             Erth           74%        2d16      1%          1
b - Stone Arrow           Conj/Erth      70%        3d11      2%          3
c - Passwall              Erth           37%        N/A       1%          3

Your spell library contained the following spells:

 Spells                   Type           Power      Damage    Failure   Level
 Brom's Barrelling Bould  Conj/Erth      35%        2d5       8%          4
 Hailstorm                Conj/Ice       19%        3d7       9%          3
 Summon Ice Beast         Ice/Summ       6%         N/A       22%         3
 Petrify                  Alch/Erth      22%        N/A       22%         4
 Sculpt Simulacrum        Ice/Alch       3%         N/A       100%        6


Dungeon Overview and Level Annotations

Branches:
Dungeon (6/15)             Temple (1/1) D:4

Altars:
Dithmenos
Elyvilon
Fedhas
Gozag
Hepliaklqana
Kikubaaqudgha
Makhleb
Nemelex Xobeh
Okawaru
Qazlal
Ru
Trog
Uskayaw
Wu Jian
Xom
Yredelemnul
Zin

Shops:
D:2 (   D:3 !


Innate Abilities, Weirdness & Mutations

You cannot wear most types of armour.
You are amphibious.
You can wear up to eight rings at the same time.
Your skin changes colour to match your surroundings (Stealth+).
Your rubbery body absorbs attacks. (AC +1, EV +1)
((You are camouflaged when in or above water. (Stealth+)))
You have tentacles for arms and can constrict up to eight enemies at once.


Message History

There is an open door here.
You start resting.
You feel yourself speed up.
You start resting.
HP restored.
There is an open door here.
You open the door.
There is an open door here.
The manticore completely misses you. The manticore barely misses you.
The manticore completely misses you.
The acid dragon roars!
You hit the manticore.
The manticore is lightly wounded.
The manticore closely misses you. x2
The manticore claws you but does no damage.
You barely miss the manticore.
The manticore is lightly wounded.
The manticore bites you! The manticore claws you.
The manticore completely misses you. The manticore barely misses you.
The manticore claws you! The manticore claws you.
You closely miss the manticore.
The manticore is lightly wounded.
The manticore completely misses you. The manticore closely misses you.
The manticore claws you.
You closely miss the manticore. You squeeze the manticore!
The manticore is moderately wounded.
The manticore completely misses you. The manticore barely misses you.
The manticore claws you.
* * * LOW HITPOINT WARNING * * *
You feel very mighty all of a sudden. The manticore closely misses you.
The manticore claws you but does no damage.
The manticore misses you.
You hit the manticore.
The manticore is moderately wounded.
The manticore bites you!
* * * LOW HITPOINT WARNING * * *
The manticore misses you. The manticore completely misses you.
The manticore bites you!
You die...

.....#......#..#'#####........#..
............####.8# #.........).
..<...#....##..'..+ ##.......#..
......##...#.†8#..# ##.....##..
#.....##...#.####### #.#.......
......##...#'#$$$$[!#+##.#.......
...........#.####+###.#....##....
.##........#..8#.H#8..#.....#....
.##.##.....##..'@.+..##.##.....#.
.##.....#...####8.####.........#.
.##....###...#.####.....#.#..####
....#.##................###..##..
#####.#......#...##.#...# #...#>.
............##...####...###...#..
......#.....#....# ##....####...
.....##....##.#### ##.....# ##..
.....#........# #......# ##.


You could see a manticore.

Vanquished Creatures
  Pikel (D:5)
  Prince Ribbit (D:6)
  Sigmund (D:3)
  A wraith (D:6)
  The ghost of knightboat the Covert, an amateur KoEn (D:4)
  An orc warrior (D:6)
  2 ogres
  2 phantoms (D:6)
  Blork the orc (D:5)
  3 scorpions
  A bullfrog (D:4)
  A gnoll sergeant (D:4)
  2 bombardier beetles
  2 orc priests
  4 hounds
  A jelly (D:6)
  A sleepcap (D:6)
  4 iguanas
  5 orc wizards
  10 adders
  2 white imps (D:5)
  An ufetubus (D:6)
  2 ribbon worms
  2 dart slugs
  22 orcs
  12 ball pythons
  6 endoplasms
  9 giant cockroaches
  2 goblins
  8 hobgoblins
  3 jackals (D:1)
  2 quokkas
  7 bats
  2 frilled lizards
  6 kobolds
  5 rats
136 creatures vanquished.

Vanquished Creatures (others)
  An adder (D:4)
  A ball python (D:4)
2 creatures vanquished.

Grand Total: 138 creatures vanquished

Notes
Turn   | Place    | Note
-------+----------+-------------------------------------------
     0 | D:1      | voltaire321 the Octopode Earth Elementalist began the quest
                  | for the Orb.
     0 | D:1      | Reached XP level 1. HP: 11/11 MP: 3/3
   223 | D:1      | Reached XP level 2. HP: 17/17 MP: 3/5
   370 | D:1      | Reached skill level 3 in Stealth
   847 | D:2      | Reached XP level 3. HP: 22/22 MP: 4/6
   901 | D:2      | Learned a level 3 spell: Stone Arrow
   948 | D:2      | Reached skill level 1 in Fighting
  1073 | D:2      | Found a faded altar of an unknown god.
  1181 | D:2      | Reached XP level 4. HP: 26/28 MP: 3/7
  1467 | D:2      | Found Hopnil's Weapon Emporium.
  1474 | D:2      | Identified 3 scrolls of acquirement
  1474 | D:2      | Acquired the ring "Roshuice" {rPois rC+ Will+ Int+2}
  1477 | D:2      | Acquired 826 gold pieces
  1479 | D:2      | Acquired 574 gold pieces
  1481 | D:2      | Bought the +11 mace of Fury {venom, ^Contam rF+++ rC+
                  | Int+3} for 1269 gold pieces
  1712 | D:3      | Found Uwkal's Distillery.
  1729 | D:3      | Bought a potion of might for 52 gold pieces
  1729 | D:3      | Bought a potion of heal wounds for 65 gold pieces
  1762 | D:3      | Noticed Sigmund
  1797 | D:3      | Killed Sigmund
  1798 | D:3      | Reached skill level 4 in Stealth
  1798 | D:3      | Reached XP level 5. HP: 19/34 MP: 7/9
  1798 | D:3      | Reached XP level 6. HP: 22/39 MP: 7/10
  2407 | D:3      | Learned a level 3 spell: Passwall
  2442 | D:4      | Found a white marble altar of Elyvilon.
  2447 | D:4      | Reached XP level 7. HP: 43/45 MP: 11/11
  2501 | D:4      | Reached skill level 5 in Stealth
  2515 | D:4      | Found a runed translucent gate.
  2516 | D:4      | Found a runed translucent gate.
  2518 | D:4      | Found a runed translucent gate.
  2518 | D:4      | Noticed knightboat's ghost (amateur KoEn)
  2677 | D:4      | Found a staircase to the Ecumenical Temple.
  2696 | Temple   | Entered the Ecumenical Temple
  2744 | D:4      | Found a shadowy altar of Dithmenos.
  2954 | D:4      | Found a hazy altar of Hepliaklqana.
  2954 | D:4      | Found a burning altar of Makhleb.
  3109 | D:4      | Killed knightboat's ghost
  3266 | D:5      | Entered Level 5 of the Dungeon
  3331 | D:5      | Noticed Blork the orc
  3341 | D:5      | Killed Blork the orc
  3341 | D:5      | Noticed Pikel
  3342 | D:5      | Reached XP level 8. HP: 38/52 MP: 13/13
  3344 | D:5      | Killed Pikel
  3345 | D:5      | Reached skill level 6 in Stealth
  3345 | D:5      | Reached skill level 5 in Earth Magic
  4269 | D:6      | Noticed Prince Ribbit
  4278 | D:6      | Killed Prince Ribbit
  4279 | D:6      | Reached skill level 5 in Dodging
  4279 | D:6      | Reached skill level 7 in Stealth
  4279 | D:6      | Reached XP level 9. HP: 35/59 MP: 14/16
  4837 | D:6      | Reached skill level 5 in Spellcasting
  4927 | D:6      | Reached skill level 5 in Conjurations
  4931 | D:6      | Noticed a manticore
  4945 | D:6      | Reached skill level 5 in Fighting
  5031 | D:6      | Mangled by a manticore

Illustrated notes

Levels and vault maps discovered:
D:1:      lemuel_arrival_cross, layout_basic, skrybe_limestone_x
D:2:      layout_basic, serial_shops, shop, ebering_ecumenical_altar_petrified,
          minmay_pentomino_x4
D:3:      layout_loops_ring, serial_shops, nicolae_shop_industrial_runoff,
          chequers_mini_garden, grunt_ministairs_15, kennysheep_big_empty_room,
          uniq_sigmund
D:4:      layout_basic, mainiacjoe_overflow_boulevard,
          gammafunk_temple_overflow_statue, elyvilon_altar_4,
          minmay_temple_entry_slanted, gammafunk_ghost_split,
          serial_corexii_hall, chequers_hall_statues_corner_a,
          chequers_hall_statues_wall_a, corexii_hall_statues_l,
          chequers_hall_statues_corner_a
D:5:      layout_layer_cave, uniq_blork_the_orc, uniq_pikel
D:6:      minmay_chambers_of_sixes, layout_cave_pools, uniq_prince_ribbit1
Temple:   nicolae_temple_ecumenical_triangle

Skill      XL: |  1  2  3  4  5  6  7  8  9 |
---------------+----------------------------+-----
Stealth        | 3 4 5 7 |  7.9
Fighting       | 1 2 3 4 5 |  5.0
Conjurations   | 2 3 4 5 |  5.0
Dodging        | 3 4 5 |  5.5
Spellcasting   | 3 4 5 |  5.1
Earth Magic    | 4 5 |  5.9

Action                     |  1- 3 |  4- 6 |  7- 9 || total
---------------------------+-------+-------+-------++-------
  Melee: Unarmed           |    10 |       |       ||    10
         Constrict         |     4 |    10 |    31 ||    45
         Tentacles         |     2 |    10 |    28 ||    40
         Mace              |       |    44 |   125 ||   169
         Punch             |       |       |     3 ||     3
   Cast: Sandblast         |    46 |    18 |    14 ||    78
  Evoke: Wand              |       |       |     3 ||     3
    Use: Scroll            |       |     3 |       ||     3
         Potion            |       |     1 |     1 ||     2
   Stab: Sleeping          |       |     7 |     7 ||    14
         Distracted        |       |     1 |       ||     1
 Armour: Skin              |     3 |    14 |    77 ||    94
  Dodge: Dodged            |    14 |    30 |   182 ||   226

Table legend: (Time is in decaauts)
 A = Elapsed time spent in this place.
 B = Non-inter-level travel time spent in this place.
 C = Inter-level travel time spent in this place.
 D = Time resting spent in this place.
 E = Time spent auto-exploring this place.
 F = Levels seen in this place.
 G = Mean time per level.
                   A        B        C        D        E       F      G
               +--------+--------+--------+--------+--------+-----+--------+
         Total |   5146 |   5036 |    110 |    569 |   3199 |   7 |  735.1 |
       Dungeon |   5133 |   5023 |    110 |    569 |   3199 |   6 |  855.5 |
        Temple |     12 |     12 |      0 |      0 |      0 |   1 |   12.0 |
               +--------+--------+--------+--------+--------+-----+--------+

Top non-repeatable levels by time:
     D:5: 1012 daAuts
     D:4: 866 daAuts
     D:3: 865 daAuts
     D:1: 853 daAuts
     D:6: 804 daAuts
     D:2: 731 daAuts
  Temple: 12 daAuts
